 Dungeon Crawl Stone Soup version 0.31.0-4-g52a2dc7128 (webtiles) character file.

Game seed: 1916379445582892543

246 Implojin the Cutter (level 6, -9/30 HPs)
             Began as a Vine Stalker Necromancer on Jan 21, 2024.
             Killed from afar by Ijyb (16 damage)
             ... with a bolt of light
             ... on level 3 of the Dungeon.
             The game lasted 00:06:39 (2746 turns).

Implojin the Cutter (Vine Stalker Necromancer)      Turns: 2746, Time: 00:06:40

Health: -9/30      AC: 10    Str: 11    XL:     6   Next: 11%
Magic:  0/10       EV:  6    Int: 15    God:
Gold:   175        SH:  0    Dex: 22    Spells: 8/9 levels left

rFire   . . .        n - +0 dagger (speed)
rCold   . . .        (no shield)
rNeg    . . .        u - +0 chain mail
rPois   .            o - +1 helmet
rElec   .            (no cloak)
rCorr   .            (no gloves)
SInv    .            (no boots)
Will    .....        (no amulet) Stlth
                     k - +6 ring of dexterity
HPRegen 1.05/turn    (no ring)
MPRegen 0.12/turn

%: clarity, guardian spirit
@: no status effects
A: fangs 2, regeneration 1, magic shield, antimagic bite, no potion heal 2,
clarity, sense surroundings 1
a: no special abilities


You were on level 3 of the Dungeon.
You visited 1 branch of the dungeon, and saw 3 of its levels.

You collected 175 gold pieces.

Inventory:

Hand Weapons
 h - a +0 short sword
 n - a +0 dagger of speed (weapon)
 p - a +4 dagger
 t - a +1 scimitar of flaming
Missiles
 d - 10 stones
Armour
 m - a +0 scale mail
 o - a +1 helmet (worn)
 u - a +0 chain mail (worn)
Jewellery
 k - a +6 ring of dexterity (left hand)
Talismans
 g - a beast talisman
Wands
 e - a wand of mindburst (3)
Scrolls
 a - a scroll of poison {unknown}
 c - 3 scrolls of identify
 f - a scroll of teleportation
 l - a scroll of immolation
 q - a scroll of blinking {unknown}
 r - a scroll of brand weapon {unknown}
 s - a scroll of butterflies {unknown}
Potions
 b - a potion of magic


   Skills:
 - Level 2.0 Fighting
 * Level 4.3 Short Blades
 - Level 1.5 Dodging
 - Level 2.4 Stealth
 - Level 1.5 Unarmed Combat
 - Level 2.1 Spellcasting
 - Level 4.0 Necromancy


You had 8 spell levels left.
You knew the following spells:

 Your Spells              Type           Power      Damage    Failure   Level
a - Necrotise             Necr           52%        1d6       85%         1

Your spell library contained the following spells:

 Spells                   Type           Power      Damage    Failure   Level
 Vampiric Draining        Necr           13%        2d6       99%         3
 Scorch                   Fire           2%         2d5       100%        2
 Static Discharge         Conj/Air       2%         3-4/arc   100%        2
 Airstrike                Air            0%         2d(1-17)  100%        4
 Animate Dead             Necr           13%        N/A       100%        4
 Flame Wave               Conj/Fire      1%         2d4       100%        4
 Summon Lightning Spire   Summ/Air       1%         N/A       100%        4
 Curse of Agony           Necr           13%        N/A       100%        5
 Summon Cactus Giant      Summ           0%         N/A       100%        6


Dungeon Overview and Level Annotations

Branches:
Dungeon (3/15)

Altars:
Dithmenos
Fedhas
Gozag

Annotations:
D:3 Ijyb


Innate Abilities, Weirdness & Mutations

You have extremely sharp teeth.
Your natural rate of healing is unusually fast.
When hurt, damage is shared between your health and your magic reserves.
Your bite disrupts and absorbs the magic of your enemies.
Potions cannot restore your health.
You possess an exceptional clarity of mind.
You passively map a small area around you.


Message History

The goblin is severely wounded.
You hit the goblin.
You kill the goblin!
You see here a +0 dagger.
Found a leather armour.
You see here a beast talisman.
You see here a +0 leather armour.
A bat comes into view.
The bat moves out of view.
A bat is nearby!
A bat is nearby!
A bat is nearby!
The bat barely misses you.
You hit the bat.
You kill the bat!
No target in view!
No target in view!
Ijyb the Twisted Goblin comes into view.
She is wielding a +0 dagger and carrying a wand of light.
Ijyb shouts!
Danger: Ijyb |T2| Reason: Unique monster, careful!
Danger: Ijyb |T2| Reason: carrying a wand of light, careful!
Ijyb is nearby!
Ijyb is nearby!
Ijyb is nearby!
You barely miss Ijyb.
Ijyb zaps a wand.
The bolt of light hits you!
You hit Ijyb but do no damage. Your bite misses Ijyb. You closely miss Ijyb.
You bite Ijyb, but do no damage.
Ijyb zaps a wand.
The bolt of light hits you!!
Danger: Low HP Warning |T3| Reason: 36% HP (11/30)
Aiming: Mindburst
Press: ? - help, Shift-Dir - straight line, f - Ijyb
Aim: Ijyb, wielding a +0 dagger, wearing a +0 ring mail and carrying a wand of light (chance to affect: 72%) Ijyb's mind is blasted!
Ijyb zaps a wand.
The bolt of light hits you!
Danger: Low HP Warning |T3| Reason: 20% HP (6/30)
Aiming: Mindburst
Press: ? - help, Shift-Dir - straight line, f/p - Ijyb
Aim: Ijyb, wielding a +0 dagger, wearing a +0 ring mail and carrying a wand of light (heavily wounded, chance to affect: 72%) Ijyb's mind is blasted!
Ijyb zaps a wand.
The bolt of light hits you!
Ouch! That really hurt!
You die...

##.#########.#......##
##. ##.#
##.#.[#.#.#.###.##
.#.#
#.###........#.<.#
...##
##.#..#.#.###.##.#
....## ##.#.....# #
#.#
.....#######.###.###
#.# .............# #.#
*#.# ...###########
#.# * , #.##.# .#.#
#@# * ,,#....# ##.#
#.g...........# #.#
######...###.## #.#
##.# .# ##.# #.# .#
#..# * ### .*.## #
...###### .... ##.#* #
......... .....#..##.#
###.#.###* *
...........#


You could see Ijyb.

Vanquished Creatures
  A bombardier beetle (D:3)
  Jessica (D:2)
  Natasha (D:3)
  2 orc wizards (D:3)
  Robin (D:1)
  2 adders
  3 dart slugs
  8 orcs (D:3)
  4 bats
  2 endoplasms
  4 giant cockroaches
  5 hobgoblins
  6 kobolds
  A quokka (D:1)
  3 ball pythons
  6 frilled lizards
  18 goblins
  5 rats
73 creatures vanquished.

Notes
Turn   | Place    | Note
-------+----------+-------------------------------------------
     0 | D:1      | Implojin the Vine Stalker Necromancer began the quest for
                  | the Orb.
     0 | D:1      | Reached XP level 1. HP: 9/9 MP: 4/4
   137 | D:1      | Reached skill level 1 in Unarmed Combat
   194 | D:1      | Reached XP level 2. HP: 11/13 MP: 6/6
   472 | D:1      | Reached skill level 1 in Short Blades
   780 | D:1      | Reached XP level 3. HP: 16/16 MP: 4/7
  1455 | D:2      | Found a faded altar of an unknown god.
  1476 | D:2      | Noticed Robin
  1600 | D:1      | Killed Robin
  1601 | D:1      | Reached skill level 1 in Fighting
  1767 | D:2      | Noticed Jessica
  1772 | D:2      | Killed Jessica
  1773 | D:2      | Reached XP level 4. HP: 23/23 MP: 8/8
  2071 | D:3      | Found a shadowy altar of Dithmenos.
  2071 | D:3      | Noticed Natasha
  2077 | D:3      | Found an opulent altar of Gozag.
  2089 | D:3      | Reached XP level 5. HP: 23/26 MP: 6/9
  2141 | D:3      | Found a blossoming altar of Fedhas.
  2426 | D:3      | Gained mutation: You passively map a small area around you.
                  | [potion of mutation]
  2426 | D:3      | Gained mutation: You possess an exceptional clarity of
                  | mind. [potion of mutation]
  2430 | D:3      | HP: 1/39 [poisoned by an orc]
  2435 | D:3      | HP: 1/39 [poisoned by an orc]
  2517 | D:3      | Killed Natasha
  2606 | D:3      | Reached XP level 6. HP: 25/30 MP: 8/10
  2741 | D:3      | Noticed Ijyb
  2746 | D:3      | Killed from afar by Ijyb

Illustrated notes

Levels and vault maps discovered:
D:1:      psy_arrival_radial01, layout_basic
D:2:      layout_loops_ring, hellmonk_ecumenical_altar_heavens_door,
          grunt_ministairs_10, uniq_jessica, uniq_robin
D:3:      layout_loops_ring, mainiacjoe_overflow_large_starburst,
          amcnicky_altar_gilded, gammafunk_ghost_smash, uniq_ijyb, uniq_natasha

Skill      XL: |  1  2  3  4  5 |
---------------+----------------+-----
Unarmed Combat | 1 |  1.5
Short Blades   | 1 2 3 4 |  4.3
Fighting       | 2 |  2.0
Dodging        | |  1.5
Stealth        | |  2.4
Spellcasting   | |  2.1
Necromancy     | |  4.0

Action                     |  1- 3 |  4- 6 || total
---------------------------+-------+-------++-------
  Melee: Dagger            |   120 |   103 ||   223
         Unarmed           |     8 |       ||     8
         Bite              |    41 |    15 ||    56
         Punch             |     1 |     4 ||     5
   Cast: Necrotise         |     3 |       ||     3
  Evoke: Wand              |       |     3 ||     3
    Use: Scroll            |       |     4 ||     4
         Potion            |       |     4 ||     4
   Stab: Sleeping          |     5 |     1 ||     6
 Armour: Robe              |    34 |       ||    34
         Scale mail        |    45 |    31 ||    76
         Skin              |       |    25 ||    25
         Chain mail        |       |    20 ||    20
  Dodge: Dodged            |    72 |    25 ||    97
